 Dungeon Crawl Stone Soup version 0.30-b1-5-g8e6c1be481 (webtiles) character file.

Game seed: 5695634284462541552

963 KittyFluff the Cudgeller (level 8, 0/73 HPs)
             Began as a Gargoyle Berserker on May 3, 2023.
             Was an Elder of Trog.
             Slain by a troll (10 damage)
             ... on level 5 of the Dungeon.
             The game lasted 00:24:29 (4795 turns).

KittyFluff the Cudgeller (Gargoyle Berserker)       Turns: 4795, Time: 00:24:29

Health: 0/73       AC: 11    Str: 21    XL:     8   Next: 15%
Magic:  8/8        EV: 12    Int:  8    God:    Trog [****..]
Gold:   195        SH:  0    Dex: 11    Spells: 7/7 levels left

rFire   + . .        a - +0 mace
rCold   . . .        (no shield)
rNeg    + . .        e - +0 leather armour
rPois   ∞            (no helmet)
rElec   +            b - +0 cloak
rCorr   .            s - +0 pair of gloves {hurl}
SInv    .            (no boots)
Will    .....        (no amulet) Stlth
                     y - ring of protection from fire
HPRegen 0.32/turn    (no ring)
MPRegen 0.11/turn

%: no passive effects
@: berserking, very quick
A: sickness immunity, AC +5, negative energy resistance 1, electricity
resistance, torment resistance 1, petrification resistance
a: Renounce Religion, Berserk, Trog's Hand, Brothers in Arms


You were on level 5 of the Dungeon.
You worshipped Trog.
Trog was greatly pleased with you.
You visited 1 branch of the dungeon, and saw 5 of its levels.
You also visited: Sewer.

You collected 195 gold pieces.

Inventory:

Hand Weapons
 a - a +0 mace (weapon)
 o - a +0 sling
Missiles
 u - 14 stones
 v - 8 poisoned darts (quivered)
Armour
 b - a +0 cloak (worn)
 e - a +0 leather armour (worn)
 s - a +0 pair of gloves of hurling (worn)
Jewellery
 y - a ring of protection from fire (left hand)
 G - a ring of fire
Wands
 q - a wand of flame (32)
Scrolls
 c - 4 scrolls of teleportation {unknown}
 d - 2 scrolls of poison {unknown}
 h - a scroll of torment {unknown}
 i - 2 scrolls of magic mapping
 j - 5 scrolls of amnesia {unknown}
 l - a scroll of brand weapon {unknown}
 p - a scroll of identify {unknown}
 t - 3 scrolls of blinking
 w - a scroll of noise {unknown}
 x - a scroll of fog {unknown}
 B - a scroll of enchant armour {unknown}
 D - a scroll of fear {unknown}
 F - a scroll of vulnerability {unknown}
Potions
 f - a potion of resistance {unknown}
 g - 2 potions of ambrosia {unknown}
 k - a potion of lignification {unknown}
 m - a potion of heal wounds {unknown}
 n - a potion of curing {unknown}
 r - 2 potions of brilliance {unknown}
 z - a potion of degeneration {unknown}
 A - a potion of invisibility {unknown}
 C - a potion of might {unknown}
 E - 2 potions of haste {unknown}


   Skills:
 + Level 5.3 Fighting
 + Level 6.4 Maces & Flails
 + Level 0.4 Throwing
 * Level 4.6 Armour
 + Level 3.9 Dodging
 + Level 0.4 Stealth


You had 7 spell levels left.
You didn't know any spells.
Your spell library was empty.

Dungeon Overview and Level Annotations

Branches:
Dungeon (5/15)             Temple (0/1) D:5           Sewer (visited)

Altars:
Elyvilon
Uskayaw


Innate Abilities, Weirdness & Mutations

You are immune to sickness and miasma.
Your stone body is resilient. (AC +5)
You are immune to poison.
You resist negative energy. (rN+)
You are resistant to electric shocks. (rElec)
You are resistant to unholy torment.
You are immune to petrification.


Message History

You sock the orc!
You kill the orc!
Trog accepts your kill.
There is an open door here.
You see here a +0 falchion.
t - 3 scrolls of blinking (gained 1)
There is an open door here.
You see here a +0 falchion.
You open the door.
A troll, a sleepcap and 2 hounds come into view.
Found 13 gold pieces.
You hit the troll.
The troll is lightly wounded.
The hound barks! x2
The troll bites you. The troll claws you. x2
You barely miss the troll.
The troll is lightly wounded.
The troll bites you! The troll closely misses you. The troll misses you.
A red film seems to cover your vision as you go berserk!
You feel yourself moving faster!
You feel mighty! The troll misses you. The troll claws you!
The troll claws you.
You sock the troll!
The troll is moderately wounded.
The troll bites you. The troll misses you. The troll claws you.
You closely miss the troll.
The troll is moderately wounded.
You thump the troll!
The troll is heavily wounded.
The troll bites you. The troll claws you!
* * * LOW HITPOINT WARNING * * *
The troll misses you.
You barely miss the troll.
The troll is heavily wounded.
The troll closely misses you.
The troll claws you but does no damage. x2
You hit the troll.
The troll is heavily wounded.
The troll bites you!
* * * LOW HITPOINT WARNING * * *
The troll claws you but does no damage. The troll claws you!
You die...

###....................##.###....
##.....####.....####.##.# ##P#.
##....#..##...##..#.##.####.##
##...#...##.##...#.##.##....P
##..##...#.#...##.##.##.#...
#...##.†#.#).##..##.##.#.##
#....###...###...##......#
##........8..........##.###
##.....###..@###...#####.# ##
#####.....## +#.#Tf##..# #.# #.
....##...## #.#hh.##.# #.###.
.........# ##.##...#.# #.....
###.###..# ##...##.$#.# #####.
#.# #..####.....####.# #. ###.#
#................# #. ....#
#.######..######## #. ##### #.#
#.## #.


You could see a troll, a sleepcap and 2 hounds.

Vanquished Creatures
  Eustachio (D:4)
  Pargi (D:4)
  2 phantoms
  2 bullfrogs (Sewer)
  A hound (D:5)
  Crazy Yiuf (D:2)
  A sleepcap (D:5)
  2 iguanas
  Natasha (twice) (D:4)
  12 adders
  2 shadow imps (D:5)
  2 ufetubi (D:5)
  3 worms
  2 dart slugs
  5 orcs
  7 ball pythons
  5 bats
  8 endoplasms
  16 giant cockroaches
  7 goblins
  8 hobgoblins
  2 jackals (D:5)
  20 quokkas
  12 frilled lizards
  5 kobolds
  4 rats
133 creatures vanquished.

Notes
Turn   | Place    | Note
-------+----------+-------------------------------------------
     0 | D:1      | KittyFluff the Gargoyle Berserker began the quest for the
                  | Orb.
     0 | D:1      | Reached XP level 1. HP: 14/14 MP: 1/1
   184 | D:1      | Reached XP level 2. HP: 19/19 MP: 2/2
   451 | D:1      | Found a faded altar of an unknown god.
   807 | D:1      | Reached XP level 3. HP: 21/24 MP: 3/3
  1252 | D:2      | Reached ** piety under Trog
  1377 | D:2      | Found a runed translucent door.
  1378 | D:2      | Noticed Crazy Yiuf
  1388 | D:2      | Killed Crazy Yiuf
  1389 | D:2      | Reached skill level 4 in Maces & Flails
  1389 | D:2      | Reached XP level 4. HP: 7/29 MP: 4/4
  1833 | D:3      | Found a glowing drain.
  1846 | Sewer    | Entered a sewer
  1899 | Sewer    | Reached XP level 5. HP: 29/33 MP: 5/5
  2121 | Sewer    | Reached *** piety under Trog
  2300 | Sewer    | Reached skill level 5 in Maces & Flails
  2300 | Sewer    | Reached XP level 6. HP: 35/39 MP: 6/6
  3100 | D:3      | Found a white marble altar of Elyvilon.
  3244 | D:4      | Noticed Natasha
  3245 | D:4      | Noticed Eustachio
  3259 | D:4      | Killed Natasha
  3411 | D:4      | Killed Eustachio
  3412 | D:4      | Reached XP level 7. HP: 31/44 MP: 7/7
  3552 | D:4      | Noticed Pargi
  3598 | D:4      | Killed Pargi
  3599 | D:4      | Reached skill level 6 in Maces & Flails
  3699 | D:4      | Found a hide-covered altar of Uskayaw.
  3724 | D:4      | Noticed Natasha
  3730 | D:4      | Killed Natasha
  3973 | D:5      | Entered Level 5 of the Dungeon
  4152 | D:5      | Found a staircase to the Ecumenical Temple.
  4470 | D:5      | Reached skill level 5 in Fighting
  4470 | D:5      | Reached XP level 8. HP: 41/49 MP: 8/8
  4773 | D:5      | Reached **** piety under Trog
  4787 | D:5      | Noticed a troll
  4795 | D:5      | Slain by a troll

Illustrated notes

Levels and vault maps discovered:
D:1:      dpeg_arrival_circle_labyrinth_c, layout_basic,
          hellmonk_ecumenical_altar_pennies_from_heaven
D:2:      layout_rooms, uniq_crazy_yiuf_cottage
D:3:      layout_loops_corners, mainiacjoe_overflow_six_doors_small,
          gup_sewer_entry_pipe, small_statue_intersection, grunt_ministairs_10
D:4:      layout_cave_pools, nicolae_uskayaw_dance_hall, grunt_decor_fettered,
          uniq_eustachio, uniq_natasha, uniq_pargi
D:5:      cheibrodos_barr_body, layout_loops_corners,
          minmay_temple_entry_gardened_gates, guppyfry_early_lair_pool

Skill      XL: |  1  2  3  4  5  6  7 |
---------------+----------------------+-----
Fighting       | 4 5 |  5.3
Maces & Flails | 4 5 6 |  6.4
Armour         | 3 4 |  4.6
Dodging        | 2 3 |  3.9
Throwing       | |  0.4
Stealth        | |  0.4

Action                     |  1- 3 |  4- 6 |  7- 9 || total
---------------------------+-------+-------+-------++-------
  Melee: Mace              |    95 |   284 |   137 ||   516
         Punch             |     1 |     2 |     1 ||     4
  Throw: Stone             |       |     6 |       ||     6
         Dart              |       |       |     2 ||     2
 Invoke: Berserk           |     1 |     2 |     1 ||     4
    Use: Scroll            |       |     1 |       ||     1
   Stab: Sleeping          |       |     1 |       ||     1
 Armour: Leather armour    |    39 |   140 |    77 ||   256
         Skin              |       |    61 |       ||    61
  Dodge: Dodged            |    52 |   250 |   110 ||   412
